 Dungeon Crawl Stone Soup version 0.28.0-53-g5a82cb258f (webtiles) character file.

Game seed: 7173825588639174155

2318 mcbry74 the Basher (level 9, -10/74 HPs)
             Began as a Minotaur Fighter on July 1, 2022.
             Mangled by a boulder beetle (16 damage)
             ... on level 5 of the Dungeon.
             The game lasted 00:16:01 (6253 turns).

mcbry74 the Basher (Minotaur Fighter)               Turns: 6253, Time: 00:16:02

Health: -10/74     AC: 11    Str: 23    XL:     9   Next: 18%
Magic:  8/8        EV:  8    Int:  7    God:
Gold:   379        SH:  5    Dex: 10    Spells: 8/8 levels left

rFire   + . .      SeeInvis .   z - +1 mace (vorpal)
rCold   + . .      Faith    .   c - +0 buckler
rNeg    . . .      Spirit   .   k - +0 chain mail
rPois   .          Reflect  .   (helmet restricted)
rElec   .          Harm     .   B - scarf {rC+ rF+}
rCorr   .          Rampage  .   (no gloves)
Will    .....                   (no boots)
Stlth   ..........              (no amulet)
HPRegen 0.22/turn               (no ring)
MPRegen 0.11/turn               (no ring)

@: on berserk cooldown, slowed, very slow
A: horns 2, retaliatory headbutt
a: no special abilities


You were on level 5 of the Dungeon.
You visited 1 branch of the dungeon, and saw 6 of its levels.

You collected 379 gold pieces.

Inventory:

Hand Weapons
 a - a +0 flail
 d - a +0 war axe
 z - a +1 vorpal mace (weapon)
Missiles
 g - 4 boomerangs (quivered)
 r - 3 poisoned darts
Armour
 b - a +0 scale mail
 c - a +0 buckler (worn)
 e - a +0 cloak
 k - a +0 chain mail (worn)
 B - a scarf of resistance (worn)
 E - the +0 cloak of the Unstoppable Wars {rC+ Str+4 Stlth-}
   (You found it on level 6 of the Dungeon)

   Str:       It affects your strength (+4).
   rC:        It protects you from cold.
   Stlth:     It makes you less stealthy.
Wands
 s - a wand of flame (14)
 v - a wand of iceblast (6)
Scrolls
 f - 2 scrolls of immolation
 i - a scroll of brand weapon {unknown}
 j - a scroll of identify
 m - a scroll of blinking {unknown}
 t - a scroll of fear {unknown}
 u - a scroll of enchant armour {unknown}
 x - 3 scrolls of teleportation {unknown}
 y - a scroll of vulnerability {unknown}
 A - a scroll of noise {unknown}
Potions
 h - a potion of haste {unknown}
 l - a potion of resistance {unknown}
 n - a potion of invisibility {unknown}
 o - 2 potions of brilliance
 p - a potion of berserk rage
 q - a potion of attraction {unknown}
 w - a potion of heal wounds {unknown}
 C - a potion of mutation {unknown}
 D - a potion of magic {unknown}


   Skills:
 - Level 5.0 Fighting
 * Level 10.1 Maces & Flails
 + Level 4.0 Throwing
 + Level 8.2 Armour
 - Level 6.3 Shields


You had 8 spell levels left.
You didn't know any spells.
Your spell library contained the following spells:

 Spells                   Type           Power      Damage    Failure   Level
 Sandblast                Erth           0%         2d4       98%         1
 Ensorcelled Hibernation  Hex/Ice        0%         N/A       99%         2
 Passwall                 Tmut/Erth      0%         N/A       99%         2
 Static Discharge         Conj/Air       0%         N/A       99%         2
 Stone Arrow              Conj/Erth      0%         3d7       100%        3
 Swiftness                Air            0%         N/A       100%        3
 Animate Armour           Summ/Erth      0%         N/A       100%        4
 Dispel Undead            Necr           0%         3d6       100%        4
 Sticky Flame             Conj/Fire      0%         2d3       100%        4
 Lehudib's Crystal Spear  Conj/Erth      0%         10d2      100%        8


Dungeon Overview and Level Annotations

Branches:
Dungeon (6/15)             Temple (0/1) D:5

Altars:
Yredelemnul

Annotations:
D:5 3 runed translucent doors, Flogoulo's ghost, novice DrTm; Weresquid's ghost, novice TeFE; funkygono's ghost, novice MiFi; mcbry74's ghost, amateur GnAM; shugdite's ghost, novice MiFi


Innate Abilities, Weirdness & Mutations

You have a pair of horns on your head.
You reflexively headbutt those who attack you in melee.


Message History

You feel yourself moving faster!
You feel mighty! The boulder beetle bites you!
* * * LOW HITPOINT WARNING * * *
You hit the boulder beetle but do no damage.
You headbutt the boulder beetle!
The boulder beetle is lightly wounded.
The boulder beetle bites you but does no damage.
You hit the boulder beetle but do no damage.
The boulder beetle is lightly wounded.
You block the boulder beetle's attack.
You sock the boulder beetle! You headbutt the boulder beetle.
The boulder beetle is moderately wounded.
You completely miss the boulder beetle.
You headbutt the boulder beetle, but do no damage.
The boulder beetle is moderately wounded.
The boulder beetle misses you.
You sock the boulder beetle!
The boulder beetle is heavily wounded.
You block the boulder beetle's attack.
You barely miss the boulder beetle.
Your headbutt misses the boulder beetle.
The boulder beetle is heavily wounded.
You hit the boulder beetle but do no damage.
You headbutt the boulder beetle!
The boulder beetle is severely wounded.
The boulder beetle bites you!!
* * * LOW HITPOINT WARNING * * *
You hit the boulder beetle but do no damage.
You headbutt the boulder beetle, but do no damage.
The boulder beetle is severely wounded.
The boulder beetle leaps!
There is a stone staircase leading down here.
You feel a strong urge to attack something.
You are no longer berserk.
You are exhausted.
You feel yourself slow down. You block the boulder beetle's attack.
You hit the boulder beetle.
The boulder beetle is severely wounded.
The boulder beetle bites you!
You die...

#.# ##?[8$[##...##..♣
#.# ####### ##..##.♣♣
#.# #.....# #..##.♣♣
#.#########.# #..##.#.
#.).........# #..##.#.
###########.####..##.#.
#.>..........##..♣
#B####.B........♣. #@#
######.#.#.♣) #.#
######.§.§§ #.#
#...)..#§#P #.#
#.####.#.#P #.# #.#
#..#.. #.# #.# ###..♣
#.# #.# #..♣ #.# #g#
#... #.# #.# ##.♣


You could see a boulder beetle.

Vanquished Creatures
  Pikel (D:4)
  A water moccasin (D:5)
  A black bear (D:6)
  2 sky beasts
  2 ice beasts (D:5)
  4 scorpions
  A gnoll sergeant (D:5)
  3 wights (D:5)
  4 bullfrog zombies
  3 hounds
  2 centaur zombies (D:5)
  2 gnoll shamans
  A bullfrog skeleton (D:4)
  2 centaur skeletons (D:6)
  2 iguanas
  Robin (D:2)
  12 gnolls
  7 adders
  4 river rats (D:5)
  An ufetubus (D:5)
  2 adder skeletons
  A worm (D:4)
  A dart slug (D:2)
  10 orcs
  12 endoplasms
  4 giant cockroaches
  17 goblins
  9 hobgoblins
  7 jackals
  2 quokkas (D:1)
  8 ball pythons
  9 bats
  5 frilled lizards
  4 kobolds
  6 rats
153 creatures vanquished.

Vanquished Creatures (others)
  A kobold (D:4)
  47 plants (D:5)
48 creatures vanquished.

Grand Total: 201 creatures vanquished

Notes
Turn   | Place    | Note
-------+----------+-------------------------------------------
     0 | D:1      | mcbry74 the Minotaur Fighter began the quest for the Orb.
     0 | D:1      | Reached XP level 1. HP: 19/19 MP: 0/0
   113 | D:1      | Found a faded altar of an unknown god.
   171 | D:1      | Reached XP level 2. HP: 18/27 MP: 1/1
   699 | D:1      | Reached XP level 3. HP: 30/33 MP: 2/2
   717 | D:1      | Reached skill level 3 in Maces & Flails
  1486 | D:2      | Reached XP level 4. HP: 41/41 MP: 3/3
  1535 | D:2      | Noticed Robin
  1547 | D:2      | Killed Robin
  1707 | D:2      | Found a basalt altar of Yredelemnul.
  2156 | D:3      | Identified the +2 robe of Leapfrog {Harm rElec Archmagi}
  2687 | D:3      | Reached XP level 5. HP: 39/47 MP: 4/4
  3076 | D:3      | Reached skill level 5 in Fighting
  3076 | D:3      | Reached skill level 4 in Maces & Flails
  3079 | D:3      | Reached skill level 5 in Armour
  3225 | D:3      | Reached skill level 5 in Shields
  3295 | D:4      | Reached XP level 6. HP: 42/56 MP: 5/5
  3594 | D:4      | Noticed Pikel
  3602 | D:4      | Killed Pikel
  3603 | D:4      | Reached skill level 6 in Maces & Flails
  3603 | D:4      | Reached XP level 7. HP: 49/61 MP: 6/6
  3832 | D:4      | Reached skill level 7 in Maces & Flails
  3933 | D:5      | Entered Level 5 of the Dungeon
  3997 | D:5      | Reached skill level 1 in Throwing
  4003 | D:5      | Reached XP level 8. HP: 60/68 MP: 7/7
  4195 | D:5      | Found a runed translucent gate.
  4195 | D:5      | Found a runed translucent gate.
  4195 | D:5      | Found a runed translucent gate.
  4227 | D:5      | Reached skill level 8 in Maces & Flails
  4851 | D:5      | Reached skill level 9 in Maces & Flails
  5029 | D:5      | Noticed shugdite's ghost (novice MiFi)
  5029 | D:5      | Noticed Weresquid's ghost (novice TeFE)
  5032 | D:5      | Noticed funkygono's ghost (novice MiFi)
  5032 | D:5      | Noticed Flogoulo's ghost (novice DrTm)
  5033 | D:5      | Noticed mcbry74's ghost (amateur GnAM)
  5562 | D:5      | Found a staircase to the Ecumenical Temple.
  5635 | D:6      | Reached XP level 9. HP: 74/74 MP: 8/8
  5673 | D:6      | Noticed a boulder beetle
  5758 | D:6      | Reached skill level 10 in Maces & Flails
  5974 | D:6      | Identified the +0 cloak of the Unstoppable Wars {rC+ Str+4
                  | Stlth-}
  6253 | D:5      | Mangled by a boulder beetle

Illustrated notes

Levels and vault maps discovered:
D:1:      dpeg_arrival_short_road, layout_basic,
          nicolae_ecumenical_snake_handling, minmay_misc_feat_four_crosses,
          minmay_circled_x
D:2:      layout_basic, basic_altar, corexii_shack, minmay_tree_intersection,
          mrwooster_statue_mirror, uniq_robin
D:3:      layout_loops_cross
D:4:      layout_rooms, uniq_pikel
D:5:      wad_woods_tower, layout_loops_ring, minmay_temple_entry_from_below_a,
          gammafunk_ghost_cemetery
D:6:      cheibrodos_fzero, layout_gridville,
          nicolae_concentric_dashed_squares_mild

Skill      XL: |  1  2  3  4  5  6  7  8  9 |
---------------+----------------------------+-----
Fighting       | 4 5 |  5.0
Armour         | 4 5 6 7 8 |  8.2
Shields        | 4 5 6 |  6.3
Maces & Flails | 3 4 6 7 9 10 | 10.1
Throwing       | 1 3 4 |  4.0

Action                   |  1- 3 |  4- 6 |  7- 9 || total
-------------------------+-------+-------+-------++-------
Melee: Flail             |   108 |   150 |     2 ||   260
       Headbutt          |     8 |    18 |    41 ||    67
       Mace              |       |       |   195 ||   195
Throw: Boomerang         |       |       |     9 ||     9
  Use: Potion            |       |     1 |     1 ||     2
       Scroll            |       |       |     3 ||     3
Armor: Scale mail        |    32 |       |       ||    32
       Chain mail        |    12 |    96 |    96 ||   204
Dodge: Dodged            |    48 |    46 |    63 ||   157
Block: Buckler           |    18 |    29 |    40 ||    87
